cohdb
Replays
Latest Replays
All Replays
Popular Replays
Top Player Replays
Match Explorer
How It Works
Community
CoH3 Stats
Reddit
Sign in to upload your games and track your stats! →
Sign in with Steam
Match 40352384
Unlisted
Match 40352384
Overview
Messages
Build Orders
End
Panzerpioneer Squad
Selects Panzerjäger Kommand Battlegroup
Selects Panzerjäger Kommand Battlegroup
Selects Mine Fields
Panzerpioneer Squad
Panzerpioneer Squad
250 Light Carrier
Construct Light Support Kompanie
MG34 Team
Fire Support Elements
Selects Defensive Positions
Assault Mechanized Group
Flakvierling Half-track
2.5-tonne Medical Truck
Veteran Squad Leaders
Pak 38 Anti-tank Gun Team
Panzerjäger Mechanized Group
Selects Butterfly Bomb Drop
Butterfly Bomb Drop
Construct Panzerarmee Kommand
Walking Stuka Rocket Launcher
Flakvierling Half-track
Butterfly Bomb Drop
Pak 38 Mechanized Group
Selects Tank Busters
Selects Crew Shock Tactics
Selects Anti-tank Overwatch
Flak 36 Anti-tank Gun Team
Anti-tank Overwatch
Walking Stuka Rocket Launcher
쏘우세지
kpj6423
The Boogyman
J
iiruoz
Atrol
Exf
Gravey
0
0
Comments
sign in to comment!
No comments posted yet!